 Dungeon Crawl Stone Soup version 0.27.1-3-gb3d3a73c9e (webtiles) character file.

Game seed: 9109519473370678157

20 nxtlvl the Gusty (level 2, -2/24 HPs)
             Began as an Ogre Air Elementalist on Oct 15, 2021.
             Slain by a hobgoblin (6 damage)
             ... on level 1 of the Dungeon.
             The game lasted 00:06:26 (280 turns).

nxtlvl the Gusty (Ogre Air Elementalist)             Turns: 280, Time: 00:06:27

Health: -2/24      AC:  3    Str: 11    XL:     2   Next: 79%
Magic:  4/5        EV:  9    Int: 16    God:
Gold:   0          SH:  0    Dex:  9    Spells: 4/5 levels left

rFire    . . .     SeeInvis .   b - +0 halberd (vamp)
rCold    . . .     Faith    .   (shield currently unavailable)
rNeg     . . .     Spirit   .   a - +0 robe
rPois    .         Reflect  .   (helmet restricted)
rElec    .         Harm     .   (no cloak)
rCorr    .         Rampage  .   (gloves unavailable)
Will     .....                  (boots unavailable)
Stlth    +.........             (no amulet)
HPRegen  0.08/turn              (no ring)
MPRegen  0.09/turn              (no ring)

@: very slightly contaminated
A: large, unfitting armour, tough skin 1
a: no special abilities


You were on level 1 of the Dungeon.
You visited 1 branch of the dungeon, and saw 1 of its levels.

Inventory:

Hand Weapons
 b - a +0 vampiric halberd (weapon)
Armour
 a - a +0 robe (worn)
Scrolls
 c - a scroll of teleportation {unknown}
 d - a scroll of torment {unknown}
Potions
 e - a potion of ambrosia {unknown}


   Skills:
 + Level 0.1 Fighting
 - Level 1.7 Dodging
 - Level 1.4 Stealth
 - Level 2.4 Spellcasting
 + Level 1.7 Conjurations
 + Level 3.1 Air Magic


You had 4 spell levels left.
You knew the following spells:

 Your Spells              Type           Power      Damage    Failure   Level
z - Shock                 Conj/Air       36%        1d5       8%          1

Your spell library contained the following spells:

 Spells                   Type           Power      Damage    Failure   Level
 Static Discharge         Conj/Air       9%         N/A       11%         2
 Swiftness                Air            12%        N/A       16%         3
 Airstrike                Air            6%         N/A       47%         4


Dungeon Overview and Level Annotations

Branches:
Dungeon (1/15)

Altars:


Innate Abilities, Weirdness & Mutations

You are too large for most types of armour.
You have tough skin. (AC +1)


Message History

The kobold hits you with a +0 short sword.
You barely miss the kobold.
The kobold hits you with a +0 short sword.
You hit the kobold but do no damage. The kobold hits you but does no damage.
The kobold closely misses you.
You slash the kobold!
You feel better.
You kill the kobold!
Things that are here:
a +0 short sword; a kobold corpse
Found a golden potion.
e - a golden potion A hobgoblin comes into view.
It is wielding a staff of poison.
A bat comes into view.
The bat moves out of view.
You are too injured to fight recklessly!
Reach: b) +0 halberd (vamp)
Press: ? - help, Dir - move target, f - hobgoblin
Aim: a hobgoblin, wielding a staff of poison (wandering, hasn't noticed you, about 62% to evade your +0 vampiric halberd)
You reach to attack!
You completely miss the hobgoblin.
The hobgoblin shouts!
You barely miss the hobgoblin.
The hobgoblin hits you but does no damage.
The hobgoblin hits you with a staff of poison.
* * * LOW HITPOINT WARNING * * *
You closely miss the hobgoblin. The hobgoblin barely misses you.
You barely miss the hobgoblin. The hobgoblin barely misses you.
The bat hits you.
* * * LOW HITPOINT WARNING * * *
The hobgoblin hits you with a staff of poison.
* * * LOW HITPOINT WARNING * * *
The bat barely misses you.
Casting: Shock (safe; 8% risk of failure)
Confirm with . or Enter, or press ? or * to list all spells.
Aiming: Shock (safe; 8% risk of failure)
Press: ? - help, Shift-Dir - straight line, p - hobgoblin You miscast Shock.
You are very lightly contaminated with residual magic.
Nothing appears to happen.
The hobgoblin hits you with a staff of poison.
You die...

#..# .# ...# ..
#..# ##.#.
#.........
#.####..#......
#..............
#b# #g# #@# #.#
#.#### #.#..
#.#.### .#
#.#...# .# #
#..# ## ##.##
#.##.#### .#
#...
#....##.##.#
#..####


You could see a hobgoblin and a bat.

Vanquished Creatures
  A ball python (D:1)
  A bat (D:1)
  2 endoplasms (D:1)
  A giant cockroach (D:1)
  4 goblins (D:1)
  A hobgoblin (D:1)
  A quokka (D:1)
  A frilled lizard (D:1)
  4 kobolds (D:1)
  A rat (D:1)
17 creatures vanquished.

Notes
Turn   | Place    | Note
-------+----------+-------------------------------------------
     0 | D:1      | nxtlvl the Ogre Air Elementalist began the quest for the
                  | Orb.
     0 | D:1      | Reached XP level 1. HP: 16/16 MP: 3/3
    14 | D:1      | Reached skill level 1 in Conjurations
    90 | D:1      | Reached XP level 2. HP: 16/24 MP: 5/5
   110 | D:1      | Reached skill level 3 in Air Magic
   280 | D:1      | Slain by a hobgoblin

Illustrated notes

Levels and vault maps discovered:
D:1:      minmay_arrival_three_doors, layout_loops_ring

Skill      XL: |  1  2 |
---------------+-------+-----
Conjurations   | 1 |  1.7
Air Magic      | 3 |  3.1
Fighting       | |  0.1
Dodging        | |  1.7
Stealth        | |  1.4
Spellcasting   | |  2.4

Action                   || total
-------------------------++-------
Melee: Halberd           ||    43
 Cast: Shock             ||    11
 Stab: Sleeping          ||     1
Armor: Robe              ||    15
Dodge: Dodged            ||    15
